 Dungeon Crawl Stone Soup version 0.21.0-25-ge575cb9 (webtiles) character file.

716 Mgcat the Ruffian (level 7, -3/52 HPs)
             Began as a Green Draconian Transmuter on Jan 23, 2018.
             Was an Initiate of Okawaru.
             Slain by Plasmagod's ghost (14 damage)
             ... on level 5 of the Dungeon.
             The game lasted 00:15:42 (6271 turns).

Mgcat the Ruffian (Green Draconian Transmuter)      Turns: 6271, Time: 00:15:43

Health: -3/52      AC:  8    Str: 13    XL:     7   Next: 41%
Magic:  12/13      EV: 12    Int: 15    God:    Okawaru [......]
Gold:   332        SH:  0    Dex: 11    Spells: 4/14 levels left

rFire    x . .     SeeInvis .     - Unarmed
rCold    + . .     Gourm    +   (no shield)
rNeg     . . .     Faith    .   (armour unavailable)
rPois    +         Spirit   .   (helmet restricted)
rElec    .         Reflect  .   (no cloak)
rCorr    .         Harm     .   r - +0 pair of gloves
MR       +....                  l - +0 pair of boots
Stlth    +.........             n - amulet of the gourmand
HPRegen  0.17/turn              p - ring of protection from magic
MPRegen  0.13/turn              q - ring of ice

@: no status effects
A: breathe noxious fumes, unfitting armour, poison resistance, cold-blooded, AC
+6
a: Breathe Noxious Fumes, Renounce Religion


You were on level 5 of the Dungeon.
You worshipped Okawaru.
Okawaru was noncommittal.
You were not hungry.

You visited 2 branches of the dungeon, and saw 6 of its levels.

You collected 332 gold pieces.

Inventory:

Hand Weapons
 s - a +1 hunting sling
Missiles
 a - 27 arrows
 d - 178 stones (quivered)
 i - 44 sling bullets
Armour
 l - a +0 pair of boots (worn)
 r - a +0 pair of gloves (worn)
Jewellery
 n - an amulet of the gourmand (around neck)
 p - a ring of protection from magic (left hand)
 q - a ring of ice (right hand)
 x - an uncursed ring of protection from fire {unknown}
Scrolls
 e - a scroll of amnesia
 h - 2 scrolls of remove curse
 k - a scroll of enchant armour {unknown}
 m - a scroll of identify
 t - a scroll of blinking {unknown}
Potions
 f - 2 potions of brilliance
 g - 2 potions of degeneration {unknown}
 j - 3 potions of heal wounds {unknown}
 o - 2 potions of curing
 v - a potion of might
 w - a potion of mutation {unknown}
 z - a potion of haste {unknown}
Books
 b - a book of Changes

   Spells                             Type                      Level
   a - Beastly Appendage              Transmutation                1
   b - Sticks to Snakes               Transmutation                2
   c - Spider Form                    Transmutation/Poison         3
   d - Ice Form                       Ice/Transmutation            4
   e - Blade Hands                    Transmutation                5
Comestibles
 c - 11 rations


   Skills:
 - Level 1.1 Fighting
 - Level 1.7 Dodging
 - Level 5.2 Unarmed Combat
 + Level 4.1 Spellcasting
 + Level 4.3 Transmutations
 + Level 4.5 Poison Magic


You had 4 spell levels left.
You knew the following spells:

 Your Spells              Type           Power        Failure   Level  Hunger
a - Beastly Appendage     Tmut           ###...       3%          1    None
b - Sticks to Snakes      Tmut           ###.....     4%          2    ##.....
c - Spider Form           Tmut/Pois      ###.......   9%          3    ###....
d - Ice Form              Ice/Tmut       ##......     58%         4    ####...


Dungeon Overview and Level Annotations

Branches:
Dungeon (5/15)             Temple (1/1) D:4

Altars:
Dithmenos
Fedhas
Gozag
Kikubaaqudgha
Nemelex Xobeh
Okawaru
Ru
Uskayaw
Wu Jian
Xom
Yredelemnul
Zin
The Shining One
Lugonu

Annotations:
D:5 Plasmagod's ghost, novice MiMo


Innate Abilities, Weirdness & Mutations

You can breathe blasts of noxious fumes.
Your lurid green scales are hard. (AC +6)
You cannot fit into any form of body armour.
Your system is resistant to poisons. (rPois)
You are cold-blooded and may be slowed by cold attacks.


Message History

Your ball python dies!
Your transformation is almost over.
Your adder barely misses Plasmagod's ghost.
Your ball python misses Plasmagod's ghost.
Your adder bites Plasmagod's ghost but does no damage.
Your ball python barely misses Plasmagod's ghost.
Your adder closely misses Plasmagod's ghost.
Your ball python bites Plasmagod's ghost but does no damage.
Your ball python misses Plasmagod's ghost.
Your horns disappear.
Plasmagod's ghost shouts, "They lied to you.
The Dungeon just goes down and down forever."
Your ball python withers and dies!
Plasmagod's ghost screams in joy, "As in life, so in death: Kill!
Kill!!
Kill!!!"
Plasmagod's ghost closely misses you. Plasmagod's ghost hits you.
* * * LOW HITPOINT WARNING * * *
Plasmagod's ghost screams, "They lied to you.
The Dungeon just goes down and down forever."
A giant cockroach comes into view.
Plasmagod's ghost hits you!
You die...

#..###..##.#########.#
#. #.....W...... #.#
##..#.#######.#.#
#..#.........#.#
##.###########.# .#
#...........#.# .#
#...#####<..#.# #.#
#.W.....#####.# #.#
#@...#........# #.#
##...###...##### #.#
#...........#
##'####..#...).#..#
####)....#.##.._..##.#
#........#..#.).).#..#
#.................s..#
#.............###...##
#.....#'####...#...##


You could see Plasmagod's ghost and a giant cockroach.

Vanquished Creatures
  A necrophage (D:5)
  A phantom (D:4)
  A howler monkey (D:4)
  A crimson imp (D:5)
  3 orc wizards
  Jessica (D:2)
  Terence (D:2)
  Natasha (thrice) (D:4)
  4 worker ants
  2 hound skeletons
  3 adders
  A shadow imp (D:5)
  An ooze (D:1)
  An adder zombie (D:5)
  An adder skeleton (D:4)
  3 worms
  A dart slug (D:3)
  5 leopard geckos
  6 orcs
  A ball python (D:2)
  6 giant cockroaches
  12 goblins
  7 hobgoblins
  11 jackals
  4 kobolds
  A quokka (D:2)
  5 bats
  A frilled lizard (D:5)
  A giant cockroach zombie (D:5)
  4 rats
93 creatures vanquished.

Notes
Turn   | Place    | Note
-------+----------+-------------------------------------------
     0 | D:1      | Mgcat the Draconian Transmuter began the quest for the Orb.
     0 | D:1      | Reached XP level 1. HP: 16/16 MP: 3/3
   454 | D:1      | Reached XP level 2. HP: 19/23 MP: 5/5
   941 | D:1      | Reached skill level 4 in Unarmed Combat
  1196 | D:2      | Reached XP level 3. HP: 16/28 MP: 6/6
  1341 | D:2      | Noticed Terence
  1356 | D:2      | Killed Terence
  1510 | D:2      | Noticed Jessica
  1520 | D:2      | Killed Jessica
  1520 | D:2      | Reached skill level 5 in Unarmed Combat
  1520 | D:2      | Reached XP level 4. HP: 35/35 MP: 5/7
  1627 | D:2      | Learned a level 2 spell: Sticks to Snakes
  1631 | D:2      | Learned a level 3 spell: Spider Form
  1709 | D:2      | Found a shadowy altar of Dithmenos.
  2542 | D:3      | Reached skill level 1 in Poison Magic
  2542 | D:3      | Reached XP level 5. HP: 36/40 MP: 8/8
  2573 | D:3      | Found a glowing silver altar of Zin.
  2765 | D:3      | Found a hide-covered altar of Uskayaw.
  2846 | D:3      | Found a blossoming altar of Fedhas.
  3736 | D:4      | Noticed Natasha
  3745 | D:4      | Killed Natasha
  3745 | D:4      | Reached XP level 6. HP: 30/47 MP: 10/10
  4562 | D:4      | Found a staircase to the Ecumenical Temple.
  4567 | Temple   | Entered the Ecumenical Temple
  4625 | D:4      | Noticed Natasha
  4630 | D:4      | Killed Natasha
  4687 | D:4      | Noticed Natasha
  4695 | D:4      | Killed Natasha
  4955 | D:4      | Found a sacrificial altar of Ru.
  5034 | D:5      | Entered Level 5 of the Dungeon
  5040 | D:5      | Learned a level 4 spell: Ice Form
  5059 | D:5      | Your scales start taking on a lurid green colour.
  5059 | D:5      | Reached XP level 7. HP: 41/52 MP: 12/12
  5059 | D:5      | Gained mutation: Your system is resistant to poisons. (rPois) [Green Draconian growth]
  5543 | D:5      | Found an iron altar of Okawaru.
  5559 | D:5      | Became a worshipper of Warmaster Okawaru
  5867 | D:5      | Noticed Plasmagod's ghost (novice MiMo)
  6271 | D:5      | Slain by Plasmagod's ghost

Skill      XL: |  1  2  3  4  5  6  7 |
---------------+----------------------+-----
Unarmed Combat | 4 5 |  5.2
Poison Magic   | 1 2 4 |  4.5
Transmutations | 3 4 |  4.3
Spellcasting   | 3 4 |  4.1
Fighting       | |  1.1
Dodging        | |  1.7

Action                   |  1- 3 |  4- 6 |  7- 9 || total
-------------------------+-------+-------+-------++-------
Melee: Unarmed           |   100 |   283 |   120 ||   503
       Tailslap          |    10 |    27 |    12 ||    49
       Headbutt          |     3 |     3 |     6 ||    12
       Punch             |       |     3 |       ||     3
 Cast: Beastly Appendage |     3 |     3 |     5 ||    11
       Sticks to Snakes  |       |       |     4 ||     4
 Abil: Breathe Noxious F |       |       |     1 ||     1
  Use: Scroll            |       |     8 |       ||     8
 Stab: Distracted        |       |     1 |     1 ||     2
  Eat: Chunk             |     6 |    23 |       ||    29
Armor: Skin              |    44 |    78 |    22 ||   144
Dodge: Dodged            |    62 |   149 |    49 ||   260
